 Dungeon Crawl Stone Soup version 0.23.2-40-g277498a001 (webtiles) character file.

Game seed: 4246554124571264516

120 Exodus22XD the Conjurer (level 4, -3/24 HPs)
             Began as a Deep Elf Wizard on Aug 30, 2019.
             Was an Initiate of Ashenzari.
             Killed by nerve-wracking pain
             ... invoked by Jessica
              (4 damage)
             ... on level 3 of the Dungeon.
             The game lasted 00:08:02 (2142 turns).

Exodus22XD the Conjurer (Deep Elf Wizard)           Turns: 2142, Time: 00:08:03

Health: -3/24      AC:  2    Str:  4    XL:     4   Next: 75%
Magic:  4/12       EV: 13    Int: 24    God:    Ashenzari [......]
Gold:   223        SH:  0    Dex: 13    Spells: 0/11 levels left

rFire    . . .     SeeInvis .   m - +1 dagger (flame) (curse)
rCold    . . .     Gourm    .   (no shield)
rNeg     . . .     Faith    .   a - +0 robe
rPois    .         Spirit   .   b - +0 hat
rElec    .         Reflect  .   (no cloak)
rCorr    .         Harm     .   (no gloves)
MR       .....                  (no boots)
Stlth    ++........             (no amulet)
HPRegen  0.08/turn              (no ring)
MPRegen  0.13/turn              (no ring)

@: no status effects
A: no striking features
a: Curse Item, Renounce Religion


You were on level 3 of the Dungeon.
You worshipped Ashenzari.
Ashenzari was noncommittal.
You were hungry.

You visited 1 branch of the dungeon, and saw 3 of its levels.

You collected 223 gold pieces.

Inventory:

Hand Weapons
 m - a cursed +1 dagger of flaming (weapon)
Armour
 a - a +0 robe (worn)
 b - a +0 hat (worn)
Scrolls
 c - 2 scrolls of enchant weapon {unknown}
 f - a scroll of fog {unknown}
 g - 4 scrolls of identify {unknown}
 j - 2 scrolls of noise {unknown}
 l - 2 scrolls of teleportation {unknown}
 n - 2 scrolls of immolation
 o - a scroll of magic mapping {unknown}
 s - a scroll of blinking {unknown}
Potions
 h - a potion of degeneration {unknown}
 i - a potion of heal wounds {unknown}
 k - a potion of ambrosia {unknown}
 p - a potion of haste {unknown}
 q - a potion of curing {unknown}
 r - 2 potions of lignification {unknown}
 t - a potion of flight {unknown}
Comestibles
 d - 5 rations
 u - 3 chunks of flesh


   Skills:
 - Level 2.4 Dodging
 - Level 2.4 Stealth
 - Level 4.4 Spellcasting
 - Level 4.8 Conjurations
 - Level 1.1 Summonings
 - Level 1.1 Translocations
 * Level 1.4 Fire Magic


You couldn't memorise any spells.
You knew the following spells:

 Your Spells              Type           Power        Failure   Level  Hunger
a - Magic Dart            Conj           ####         1%          1    None
b - Call Imp              Summ           ##......     9%          2    None
c - Blink                 Tloc           N/A          9%          2    None
d - Conjure Flame         Conj/Fire      ###.....     8%          3    ##.....
e - Mephitic Cloud        Conj/Pois/Air  ##......     14%         3    ##.....

Your spell library contained the following spells:

 Spells                   Type           Power        Failure   Level  Hunger
 Slow                     Hex            #.......     14%         2    None


Dungeon Overview and Level Annotations

Branches:
Dungeon (3/15)

Altars:
Ashenzari
Gozag

Annotations:
D:3 Grinder, Jessica


Message History

The frilled lizard bites your crimson imp but does no damage.
Jessica casts a spell at you. Pain shoots through your body!
Ouch! That really hurt!
* * * LOW HITPOINT WARNING * * *
Your crimson imp closely misses the frilled lizard.
Casting: Conjure Flame (safe; 8% risk of failure)
Confirm with . or Enter, or press ? or * to list all spells.
You can't see any susceptible monsters within range! (Use Z to cast anyway.)
Casting: Conjure Flame (safe; 8% risk of failure)
Confirm with . or Enter, or press ? or * to list all spells.
You can't see any susceptible monsters within range! (Use Z to cast anyway.)
Your crimson imp blinks!
Jessica hits your crimson imp with a +0 dagger.
Your crimson imp barely misses Jessica.
There is a stone staircase leading down here.
You can't go up here!
Jessica points at you and mumbles some strange words.
Pain shoots through your body!
You die...

#....)...### #....
#........# #..## ..
#.......## ##..## ....
#.......# #..... ....###
#.......# #.####
...#...## ##...##.###...
#
........####.####.....##
.............##...#####
.........5.@....#.#
.......l@.#######.#
)......5### #[#
...#.....ยง# #<. #.
######l.# ##. .. #5# ...
... ## ... ###.


You could see Grinder, Jessica, a frilled lizard and a friendly crimson imp.

Vanquished Creatures
  4 adders
  2 oozes
  A worm (D:3)
  2 dart slugs
  5 leopard geckos
  2 ball pythons
  8 bats
  3 giant cockroaches
  9 goblins
  8 hobgoblins
  5 frilled lizards
  8 kobolds
  A leopard gecko skeleton (D:3)
  3 rats
61 creatures vanquished.

Vanquished Creatures (others)
  A plant (D:2)
1 creature vanquished.

Grand Total: 62 creatures vanquished

Notes
Turn   | Place    | Note
-------+----------+-------------------------------------------
     0 | D:1      | Exodus22XD the Deep Elf Wizard began the quest for the Orb.
     0 | D:1      | Reached XP level 1. HP: 10/10 MP: 7/7
    12 | D:1      | Noticed an electric eel
   141 | D:1      | Reached XP level 2. HP: 10/15 MP: 0/9
   226 | D:1      | Learned a level 2 spell: Call Imp
   229 | D:1      | Learned a level 2 spell: Blink
   573 | D:1      | Reached XP level 3. HP: 19/19 MP: 5/10
   810 | D:2      | Learned a level 3 spell: Conjure Flame
  1131 | D:2      | Found an opulent altar of Gozag.
  1213 | D:2      | Reached XP level 4. HP: 21/24 MP: 4/12
  1383 | D:2      | Found a shattered altar of Ashenzari.
  1387 | D:2      | Saw a vision of the Swamp and the Spider Nest.
  1387 | D:2      | Noticed a wolf spider
  1387 | D:2      | Noticed an alligator
  1387 | D:2      | Noticed an alligator
  1387 | D:2      | Noticed a redback
  1387 | D:2      | Noticed a redback
  1387 | D:2      | Noticed an alligator
  1387 | D:2      | Noticed a redback
  1388 | D:2      | Noticed a water moccasin
  1390 | D:2      | Noticed a redback
  1390 | D:2      | Noticed a wolf spider
  1390 | D:2      | Noticed a swamp drake
  1391 | D:2      | Became a worshipper of Ashenzari the Shackled
  1430 | D:2      | Learned a level 3 spell: Mephitic Cloud
  1911 | D:3      | Reached skill level 1 in Fire Magic
  2125 | D:3      | Noticed Jessica
  2127 | D:3      | Noticed Grinder
  2137 | D:3      | HP: 1/24 [Jessica/nerve-wracking pain (12)]
  2142 | D:3      | Killed from afar by Jessica

Skill      XL: |  1  2  3  4 |
---------------+-------------+-----
Conjurations   | 2 3 4 |  4.8
Fire Magic     | 1 |  1.4
Dodging        | |  2.4
Stealth        | |  2.4
Spellcasting   | |  4.4
Summonings     | |  1.1
Translocations | |  1.1

Action                   |  1- 3 |  4- 6 || total
-------------------------+-------+-------++-------
Melee: Unarmed           |     1 |       ||     1
 Cast: Magic Dart        |    93 |    50 ||   143
       Call Imp          |       |     2 ||     2
       Conjure Flame     |       |     1 ||     1
Invok: Curse Item        |       |     1 ||     1
  Use: Scroll            |       |     1 ||     1
  Eat: Chunk             |       |     3 ||     3
Armor: Robe              |     1 |     3 ||     4
Dodge: Dodged            |     7 |    10 ||    17
